 Dungeon Crawl Stone Soup version 0.19.0-9-gfd783f2 (webtiles) character file.

4309 Chiseanne the Nimble (level 10, -9/73 HPs)
             Began as a High Elf Artificer on Nov 7, 2016.
             Was a Follower of Vehumet.
             Mangled by a cyan ugly thing (17 damage)
             ... on level 10 of the Dungeon.
             The game lasted 00:19:00 (10847 turns).

Chiseanne the Nimble (High Elf Artificer)          Turns: 10847, Time: 00:19:00

Health: -9/73      AC: 11    Str: 11    XL:     10   Next: 11%
Magic:  13/13      EV: 17    Int: 18    God:    Vehumet [*.....]
Gold:   308        SH:  0    Dex: 17    Spells: 0 memorised, 9 levels left

rFire  + . .     SeeInvis .     a - +2 rapier (elec)
rCold  . . .     Gourm    .     j - +1 ring mail {rF+}
rNeg   . . .     Faith    .     (no shield)
rPois  .         Spirit   .     (no helmet)
rElec  .         Reflect  .     p - +1 cloak
rCorr  +         Harm     .     I - +0 pair of gloves
MR     +....                    (no boots)
Stlth  +.........               (no amulet)
                                (no ring)
                                C - ring of resist corrosion

@: about to teleport
A: no striking features
a: Renounce Religion


You were on level 10 of the Dungeon.
You worshipped Vehumet.
Vehumet was aware of your devotion.
You were hungry.

You visited 2 branches of the dungeon, and saw 11 of its levels.

You collected 674 gold pieces.
You spent 366 gold pieces at shops.

Inventory:

Hand Weapons
 a - a +2 rapier of electrocution (weapon)
 e - a +1 longbow of freezing
Missiles
 i - 340 stones (quivered)
 o - 16 tomahawks
 q - 137 arrows
 t - 39 poisoned needles
 v - 78 bolts
 x - 75 sling bullets
Armour
 j - a +1 ring mail of fire resistance (worn)
 p - a +1 cloak (worn)
 I - a +0 pair of gloves (worn)
Jewellery
 C - a ring of resist corrosion (left hand)
Wands
 b - a wand of lightning (8/15)
 c - a wand of flame (12/48)
 d - a wand of enslavement (3/24)
 n - a wand of heal wounds (1/9)
 E - a wand of heal wounds (1/9)
 F - a wand of random effects (18/48)
 J - a wand of random effects (1/48)
 K - a wand of iceblast (3/15)
Scrolls
 k - 6 scrolls of remove curse
 m - 3 scrolls of magic mapping
 u - 2 scrolls of recharging
 y - a scroll of fog
 A - a scroll of teleportation
 L - a scroll of identify
Potions
 g - a potion of might
 h - 5 potions of curing
 r - 2 potions of cure mutation
 z - 2 potions of agility
 B - a potion of brilliance
 D - a potion of heal wounds
 G - 2 potions of ambrosia
 H - 2 potions of berserk rage
Comestibles
 f - 3 bread rations
 l - a royal jelly
 s - 4 beef jerkies
 w - 3 meat rations
 M - 24 fruits


   Skills:
 * Level 8.9 Fighting
 - Level 1.2 Short Blades
 * Level 6.9 Armour
 * Level 10.0 Dodging
 - Level 1.1 Stealth
 - Level 3.0 Evocations


You had 9 spell levels left.
You didn't know any spells.

Dungeon Overview and Level Annotations

Branches:
Dungeon (10/15)            Temple (1/1) D:7            Lair (0/6) D:9
    Orc: D:9-12

Altars:
Ashenzari
Cheibriados
Dithmenos
Elyvilon
Fedhas
Gozag
Hepliaklqana
Kikubaaqudgha
Makhleb
Nemelex Xobeh
Okawaru
Qazlal
Ru
Sif Muna
Trog
Uskayaw
Vehumet
Xom
Yredelemnul
Zin
The Shining One
Lugonu

Shops:
D:4 **([=   D:7 *


Message History

M - 12 fruits (gained 4)
You swap places.
M - 16 fruits (gained 4)
M - 20 fruits (gained 4)
M - 24 fruits (gained 4)
The cyan ugly thing is no longer charmed.
The cyan ugly thing punches you! The cyan ugly thing shocks you!
There is a large open door here.
Evoke which item? (* to show all) (? for menu, Esc to quit)
Zapping:
d - a wand of enslavement (4/24)
Press: ? - help, Shift-Dir - straight line, f/p - cyan ugly thing
Aim: a cyan ugly thing (chance to defeat MR: 34%)
The cyan ugly thing easily resists.
This wand has 3 charges left.
The cyan ugly thing punches you! The cyan ugly thing shocks you!
* * * LOW HITPOINT WARNING * * *
As you read the scroll of teleportation, it crumbles to dust.
You feel strangely unstable. The cyan ugly thing punches you!
* * * LOW HITPOINT WARNING * * *
The cyan ugly thing shocks you!
You die...

########'##
#.........#
#.##......#
#.########## #.#
##....### . #.#
.'....'. . #.#
#....# .#
#.######..#####.#
#)##.#.#@'#.#.#.#
#.#....u........#
#.#..P......P...#
#.#.............#
#.#.............#
#.#..########...#
#.#.## #####
#...# #####


You could see a cyan ugly thing.

Vanquished Creatures
  A gargoyle (D:7)
  A yak (D:9)
  A basilisk (D:9)
  A hungry ghost (D:10)
  Menkaure (D:5)
  An ice beast (D:9)
  2 orc warriors
  3 sky beasts
  2 black bears
  3 phantoms
  3 ogres
  2 centaurs
  2 crocodiles (D:9)
  A big kobold (D:10)
  4 bullfrogs
  8 killer bees (D:9)
  A howler monkey (D:4)
  3 crimson imps
  A bullfrog zombie (D:9)
  4 jellies
  6 hounds
  Crazy Yiuf (D:2)
  An orc priest (D:5)
  7 iguanas
  6 orc wizards
  5 worker ants
  A hound skeleton (D:9)
  2 hound zombies
  A howler monkey skeleton (D:9)
  16 adders
  3 shadow imps
  2 oozes
  An adder skeleton (D:9)
  A worm (D:4)
  3 dart slugs
  3 leopard geckos
  18 orcs
  7 giant cockroaches
  4 goblins
  7 hobgoblins
  5 jackals
  6 kobolds
  5 quokkas
  A ball python (D:1)
  6 bats
  4 frilled lizards
  A quokka zombie (D:8)
  8 rats
  A fungus (D:2)
177 creatures vanquished.

Vanquished Creatures (collateral kills)
  An orc (D:6)
1 creature vanquished.

Vanquished Creatures (others)
  A howler monkey (D:6)
1 creature vanquished.

Grand Total: 179 creatures vanquished

Notes
Turn   | Place    | Note
-------+----------+-------------------------------------------
     0 | D:1      | Chiseanne the High Elf Artificer began the quest for the Orb.
     0 | D:1      | Reached XP level 1. HP: 13/13 MP: 4/4
   358 | D:1      | Reached XP level 2. HP: 4/18 MP: 5/5
   855 | D:1      | Reached skill level 3 in Dodging
  1242 | D:1      | You fall through a shaft!
  1242 | D:2      | Found a hazy altar of Hepliaklqana.
  1242 | D:2      | Found a hide-covered altar of Uskayaw.
  1245 | D:2      | Found a stormy altar of Qazlal.
  1263 | D:2      | Reached XP level 3. HP: 15/24 MP: 6/6
  1370 | D:2      | Found a basalt altar of Yredelemnul.
  1451 | D:2      | Found a blossoming altar of Fedhas.
  1454 | D:2      | Found a snail-covered altar of Cheibriados.
  1751 | D:2      | Found a runed door.
  1755 | D:2      | Noticed Crazy Yiuf
  1756 | D:2      | Killed Crazy Yiuf
  1911 | D:2      | Reached XP level 4. HP: 30/30 MP: 7/7
  1927 | D:2      | Found a deep blue altar of Sif Muna.
  2109 | D:2      | Found a burning altar of Makhleb.
  2119 | D:2      | Reached skill level 4 in Dodging
  2259 | D:3      | Found a shadowy altar of Dithmenos.
  2586 | D:3      | Reached XP level 5. HP: 10/37 MP: 8/8
  3209 | D:3      | Found a glowing golden altar of the Shining One.
  3477 | D:4      | Found Barghy's Antique Weapon Boutique.
  3700 | D:4      | Found Cuzei's Jewellery Boutique.
  3703 | D:4      | Bought a cursed amulet of inaccuracy for 28 gold pieces
  3753 | D:4      | Reached skill level 5 in Dodging
  3753 | D:4      | Reached XP level 6. HP: 11/43 MP: 9/9
  4160 | D:4      | Found Zegol's Antique Armour Shoppe.
  4197 | D:4      | Found Wuolon's General Store.
  4227 | D:4      | Bought a scroll of torment for 82 gold pieces
  4230 | D:4      | Bought a beef jerky for 16 gold pieces
  4230 | D:4      | Bought a meat ration for 55 gold pieces
  4362 | D:4      | Reached skill level 1 in Armour
  4383 | D:4      | Found Plog's General Store.
  4387 | D:4      | Bought a potion of degeneration for 13 gold pieces
  4387 | D:4      | Bought a scroll of identify for 26 gold pieces
  4387 | D:4      | Bought a scroll of fog for 26 gold pieces
  4701 | D:5      | Entered Level 5 of the Dungeon
  4914 | D:5      | Noticed Menkaure
  4916 | D:5      | Killed Menkaure
  4916 | D:5      | Reached skill level 5 in Fighting
  4916 | D:5      | Reached skill level 6 in Dodging
  4916 | D:5      | Reached XP level 7. HP: 50/50 MP: 10/10
  5453 | D:5      | Reached XP level 8. HP: 57/57 MP: 11/11
  5704 | D:6      | Reached skill level 7 in Dodging
  6445 | D:6      | Found a shattered altar of Ashenzari.
  6783 | D:7      | Found Itsoulur's General Store.
  6787 | D:7      | Bought a potion of curing for 45 gold pieces
  6787 | D:7      | Bought a potion of heal wounds for 75 gold pieces
  6803 | D:7      | Noticed a gargoyle
  6849 | D:7      | Killed a gargoyle
  6849 | D:7      | Reached skill level 5 in Armour
  6849 | D:7      | Reached skill level 8 in Dodging
  6849 | D:7      | Reached XP level 9. HP: 21/64 MP: 12/12
  7330 | D:7      | Found a staircase to the Ecumenical Temple.
  7683 | Temple   | Entered the Ecumenical Temple
  7732 | Temple   | Became a worshipper of Vehumet
  7888 | D:8      | Found a bloodstained altar of Trog.
  8452 | D:9      | Reached skill level 9 in Dodging
  8813 | D:9      | Found a staircase to the Lair.
  8838 | D:9      | Reached * piety under Vehumet
  8838 | D:9      | Offered knowledge of Freeze by Vehumet.
  9644 | D:9      | Reached XP level 10. HP: 38/73 MP: 13/13
 10069 | D:10     | Entered Level 10 of the Dungeon
 10458 | D:10     | Reached skill level 10 in Dodging
 10808 | D:10     | Noticed a cyan ugly thing
 10847 | D:10     | Mangled by a cyan ugly thing

Skill      XL: |  1  2  3  4  5  6  7  8  9 10 |
---------------+-------------------------------+-----
Dodging        | 3 4 5 6 8 9 10 | 10.0
Fighting       | 2 3 4 5 7 8 |  8.9
Armour         | 2 3 5 6 |  6.9
Short Blades   | |  1.2
Stealth        | |  1.1
Evocations     | |  3.0

Action                   |  1- 3 |  4- 6 |  7- 9 | 10-12 || total
-------------------------+-------+-------+-------+-------++-------
Melee: Short sword       |   113 |       |       |       ||   113
       Quarterstaff      |     4 |   171 |   244 |       ||   419
       Rapier            |       |       |   137 |    50 ||   187
Evoke: Wand              |     1 |     1 |    30 |    11 ||    43
  Use: Scroll            |       |    15 |    11 |     1 ||    27
       Potion            |       |     1 |     1 |       ||     2
 Stab: Sleeping          |     3 |     4 |       |       ||     7
       Petrifying        |       |     1 |     2 |       ||     3
       Paralysed         |       |       |     9 |       ||     9
       Petrified         |       |       |     6 |       ||     6
  Eat: Chunk             |     3 |     9 |    15 |     5 ||    32
       Fruit             |       |       |       |     3 ||     3
       Beef jerky        |       |       |       |     1 ||     1
Armor: Leather armour    |    26 |     7 |       |       ||    33
       Ring mail         |       |    56 |   144 |    18 ||   218
Dodge: Dodged            |    70 |   142 |   335 |    53 ||   600
